cohdb
Replays
Latest Replays
All Replays
Popular Replays
Top Player Replays
Match Explorer
How It Works
Community
CoH3 Stats
Reddit
Sign in to upload your games and track your stats! →
Sign in with Steam
Match 40306069
Unlisted
Match 40306069
Overview
Messages
Build Orders
End
Kettenkrad Recon Vehicle
Construct Infanterie Kompanie
Grenadier Squad
Grenadier Squad
Grenadier Squad
Construct Luftwaffe Kompanie
Jäger Squad
Selects Breakthrough Battlegroup
Selects Rapid Production
Support Elements
Wirbelwind Flakpanzer
Jäger Squad
N3oX
DibbeTC
0
0
Comments
sign in to comment!
No comments posted yet!